 Dungeon Crawl Stone Soup version 0.24.1-11-gbbbb2193e6 (webtiles) character file.

Game seed: 14117692121415323690, levelgen mode: deterministic

2246 nightchill the Cleaver (level 9, -9/83 (85) HPs)
             Began as a Naga Warper on May 14, 2020.
             Was a Believer of Cheibriados.
             Mangled by an orc warrior
             ... wielding a +0 long sword
              (16 damage)
             ... on level 8 of the Dungeon.
             The game lasted 00:24:47 (10325 turns).

nightchill the Cleaver (Naga Warper)               Turns: 10325, Time: 00:24:48

HP:   -9/83 (85)    AC:  9    Str: 20      XL:     9   Next: 37%
MP:   10/12         EV:  5    Int: 19      God:    Cheibriados [**....]
Gold: 406           SH:  2    Dex:  8 (14) Spells: 9/12 levels left

rFire    . . .     SeeInvis +   a - +0 war axe
rCold    . . .     Gourm    .   (no shield)
rNeg     . . .     Faith    .   l - +0 chain mail
rPois    +         Spirit   .   (no helmet)
rElec    .         Reflect  +   z - +0 cloak (curse)
rCorr    .         Harm     .   t - +0 pair of gloves
MR       +....                  (no barding)
Stlth    ..........             q - +2 amulet of reflection
HPRegen  0.23/turn              (no ring)
MPRegen  0.13/turn              (no ring)

@: very slow
A: large, see invisible, deformed body, poison resistance, slowness 2, slow
metabolism 1, spit poison 1, AC +3
a: Spit Poison, Bend Time, Renounce Religion


You were on level 8 of the Dungeon.
You worshipped Cheibriados.
Cheibriados was pleased with you.
You were not hungry.

You visited 2 branches of the dungeon, and saw 9 of its levels.

You collected 406 gold pieces.

Inventory:

Hand Weapons
 a - a +0 war axe (weapon)
 b - a +0 hunting sling
 F - a +2 antimagic hand axe
Missiles
 e - 5 boomerangs of dispersal (quivered)
 i - 219 stones
 H - 25 poisoned darts
 N - 14 sling bullets
Armour
 j - a +0 pair of gloves
 l - a +0 chain mail (worn)
 t - a +0 pair of gloves (worn)
 w - a +0 plate armour
 z - a cursed +0 cloak (worn)
 O - a +0 leather armour
Jewellery
 q - a +2 amulet of reflection (around neck)
 u - an uncursed amulet of rage
 C - an uncursed ring of protection from magic {unknown}
 I - an uncursed ring of stealth {unknown}
Wands
 r - a wand of digging (3)
Scrolls
 c - 2 scrolls of teleportation
 d - 3 scrolls of blinking
 h - 2 scrolls of enchant armour {unknown}
 n - a scroll of amnesia {unknown}
 o - 2 scrolls of noise
 p - a scroll of fog
 y - a scroll of magic mapping {unknown}
 D - a scroll of fear {unknown}
 E - a scroll of enchant weapon {unknown}
 G - 2 scrolls of remove curse
 L - a scroll of vulnerability {unknown}
 M - a scroll of identify
Potions
 g - a potion of heal wounds {unknown}
 k - a potion of brilliance
 m - a potion of cancellation
 s - a potion of lignification
 v - 3 potions of curing
 x - a potion of resistance
 A - a potion of flight
 B - a potion of invisibility
 J - a potion of agility
 K - a potion of magic
Comestibles
 f - 6 rations


   Skills:
 + Level 6.7 Fighting
 * Level 9.4 Axes
 - Level 0.8 Throwing
 - Level 0.7 Armour
 - Level 1.5 Dodging
 - Level 2.0 Spellcasting
 + Level 3.0 Translocations
 + Level 5.0 Invocations


You had 9 spell levels left.
You knew the following spells:

 Your Spells              Type           Power        Failure   Level  Hunger
a - Lesser Beckoning      Tloc           ##........   87%         3    ###....

Your spell library contained the following spells:

 Spells                   Type           Power        Failure   Level  Hunger
 Apportation              Tloc           ##....       52%         1    #......
 Blink                    Tloc           N/A          65%         2    ###....
 Shroud of Golubria       Chrm/Tloc      #.....       86%         2    ###....
 Gell's Gravitas          Tloc           ##........   87%         3    ###....
 Teleport Other           Tloc           ##......     87%         3    ###....
 Animate Skeleton         Necr           N/A          90%         1    #......
 Confusing Touch          Hex            #.....       90%         1    #......
 Summon Butterflies       Summ           #.......     90%         1    #......
 Summon Small Mammal      Summ           #...         90%         1    #......
 Tukima's Dance           Hex            #.......     99%         3    ###....
 Passage of Golubria      Tloc           N/A          99%         4    #####..
 Alistair's Intoxication  Tmut/Pois      #.......     100%        5    ######.
 Invisibility             Hex            #.......     100%        6    #######


Dungeon Overview and Level Annotations

Branches:
Dungeon (8/15)             Temple (1/1) D:6
   Lair: D:8-11

Altars:
Cheibriados
Dithmenos
Elyvilon
Gozag
Hepliaklqana
Makhleb
Nemelex Xobeh
Okawaru
Uskayaw
Vehumet
Xom
The Shining One

Shops:
D:5 (

Annotations:
D:4 1 runed translucent door, SnubMonkey's ghost, novice NaEE
D:6 1 runed translucent door, Gwenloh's ghost, novice NaVM


Innate Abilities, Weirdness & Mutations

You cannot wear boots.
Your serpentine skin is tough. (AC +3)
You have supernaturally acute eyesight. (SInv)
Armour fits poorly on your strangely shaped body.
Your system is resistant to poisons. (rPois)
You cover ground very slowly.
You have a slow metabolism.
You can spit poison.


Message History

Beogh smites you!
You hit the orc warrior.
The orc warrior is heavily wounded.
The orc priest casts a cantrip, but nothing happens.
The orc warrior hits you with a +0 long sword.
You hit the orc warrior but do no damage.
The orc warrior is heavily wounded.
Your chain mail prevents you from hitting the orc warrior.
The orc warrior is heavily wounded.
The orc warrior hits you with a +0 long sword!
* * * LOW HITPOINT WARNING * * *
You barely miss the orc warrior.
The orc warrior is heavily wounded.
The orc priest mumbles some strange prayers to Beogh against you.
Beogh smites you!
* * * LOW HITPOINT WARNING * * *
You hit the orc warrior but do no damage.
The orc warrior is heavily wounded.
The orc warrior hits you with a +0 long sword!
You die...

.. .. ... ## #. ##...
#.. #. ....# #... #.
....# #....#o ....#
#.....o##....# #@.....#
#......# #......#
#......+ #######......#
#.......######..# ..
#.......#....#..#####...
#.......#....#......#...
#.......#...##......#...


You could see an orc warrior and an orc priest.

Vanquished Creatures
  A black bear (D:8)
  An ice beast (D:8)
  3 sky beasts
  2 ogres (D:5)
  A necrophage (D:6)
  2 centaurs
  A big kobold (D:4)
  5 bullfrogs
  A water moccasin zombie (D:7)
  A scorpion (D:5)
  A centaur zombie (D:5)
  5 crimson imps
  A bullfrog zombie (D:8)
  A hound (D:7)
  2 quasits (D:6)
  A bullfrog skeleton (D:7)
  2 orc priests (D:5)
  An orc wizard (D:5)
  2 iguanas
  Terence (D:3)
  2 worker ants
  Natasha (thrice) (D:3)
  A hound skeleton (D:4)
  A worker ant zombie (D:6)
  8 adders
  A shadow imp (D:6)
  2 oozes
  3 adder skeletons
  2 worms
  3 dart slugs (D:1)
  5 leopard geckos
  16 orcs
  10 bats
  3 giant cockroaches
  5 goblins
  6 hobgoblins
  3 quokkas
  2 frilled lizards
  28 kobolds
  10 rats
  A plant (D:4)
150 creatures vanquished.

Notes
Turn   | Place    | Note
-------+----------+-------------------------------------------
     0 | D:1      | nightchill the Naga Warper began the quest for the Orb.
     0 | D:1      | Reached XP level 1. HP: 19/19 MP: 3/3
   263 | D:1      | Reached XP level 2. HP: 20/26 MP: 5/5
  1079 | D:1      | Reached skill level 3 in Axes
  1155 | D:1      | Reached XP level 3. HP: 32/33 MP: 6/6
  1606 | D:3      | Noticed Terence
  1620 | D:3      | Killed Terence
  1620 | D:3      | Reached XP level 4. HP: 34/40 MP: 7/7
  2370 | D:3      | Reached skill level 4 in Axes
  2496 | D:3      | Noticed Natasha
  2512 | D:3      | Killed Natasha
  2512 | D:3      | Reached XP level 5. HP: 5/49 MP: 8/8
  3033 | D:3      | Noticed Natasha
  3037 | D:3      | Killed Natasha
  3260 | D:3      | Noticed Natasha
  3271 | D:3      | Killed Natasha
  3642 | D:3      | Reached skill level 5 in Axes
  3853 | D:4      | Reached XP level 6. HP: 44/57 MP: 9/9
  3984 | D:4      | Found a runed translucent door.
  3984 | D:4      | Noticed SnubMonkey's ghost (novice NaEE)
  4205 | D:4      | Found an opulent altar of Gozag.
  4445 | D:4      | You fall into a shaft and drop 2 floors!
  4589 | D:6      | Noticed a necrophage
  4600 | D:6      | Reached skill level 6 in Axes
  4617 | D:6      | Killed a necrophage
  4617 | D:6      | Reached XP level 7. HP: 23/64 MP: 10/10
  4950 | D:6      | Found a staircase to the Ecumenical Temple.
  4951 | D:6      | Found a hazy altar of Hepliaklqana.
  5043 | Temple   | Entered the Ecumenical Temple
  5067 | Temple   | Became a worshipper of Cheibriados the Contemplative
  5293 | D:5      | Entered Level 5 of the Dungeon
  5314 | D:5      | Found Hiubuo's Weapon Shop.
  5330 | D:5      | Reached skill level 1 in Invocations
  5642 | D:4      | Found Ihiveil's Gadget Boutique.
  5903 | D:5      | Found a radiant altar of Vehumet.
  5904 | D:5      | Found a burning altar of Makhleb.
  5919 | D:5      | Reached skill level 5 in Fighting
  6057 | D:5      | Found a burning altar of Makhleb.
  6068 | D:5      | Reached skill level 7 in Axes
  6173 | D:5      | Reached XP level 8. HP: 13/72 MP: 11/11
  6499 | D:5      | Reached * piety under Cheibriados
  7605 | D:6      | Reached skill level 8 in Axes
  7667 | D:6      | Found a runed translucent door.
  7668 | D:6      | Noticed Gwenloh's ghost (novice NaVM)
  8925 | D:7      | Reached XP level 9. HP: 59/80 MP: 12/12
  9240 | D:7      | Reached skill level 9 in Axes
  9288 | D:7      | Reached ** piety under Cheibriados
  9393 | D:8      | Found a sparkling altar of Nemelex Xobeh.
  9414 | D:8      | Found a white marble altar of Elyvilon.
 10041 | D:8      | Reached skill level 5 in Invocations
 10226 | D:8      | Learned a level 3 spell: Lesser Beckoning
 10325 | D:8      | Mangled by an orc warrior

Levels and vault maps discovered:
D:1:      mrwooster_arrival_statue_3, layout_basic
D:2:      layout_basic, first_ration
D:3:      layout_basic, minmay_unequal, uniq_natasha, uniq_terence
D:4:      kennysheep_kobold_camp, layout_rooms, nicolae_overflow_hidden_temple,
          serial_shops, shop, gammafunk_ghost_grave, kennysheep_generic_room_8
D:5:      layout_basic, grunt_temple_overflow_lords_of_destruction,
          serial_shops, shop, bloody_makhleb
D:6:      layout_loops_corners, minmay_temple_entry_mist, basic_altar,
          hellmonk_ghost_happy_afterlife, chequers_decorated_corner
D:7:      layout_basic
D:8:      layout_gridville, nicolae_qazlal_general_emergency,
          grunt_temple_overflow_open
Temple:   regret_index_temple_waves

Skill      XL: |  1  2  3  4  5  6  7  8  9 |
---------------+----------------------------+-----
Axes           | 3 4 5 6 7 8 9 |  9.4
Fighting       | 3 4 5 6 |  6.7
Invocations    | 2 4 5 |  5.0
Throwing       | |  0.8
Armour         | |  0.7
Dodging        | |  1.5
Spellcasting   | |  2.0
Translocations | |  3.0

Action                   |  1- 3 |  4- 6 |  7- 9 || total
-------------------------+-------+-------+-------++-------
Melee: Hand axe          |    79 |   282 |    47 ||   408
       War axe           |       |       |   363 ||   363
 Fire: Hunting sling     |       |       |     4 ||     4
Invok: Bend Time         |       |       |     3 ||     3
 Abil: Spit Poison       |    11 |    42 |    28 ||    81
  Use: Scroll            |       |       |    14 ||    14
       Potion            |       |       |     1 ||     1
  Eat: Chunk             |     2 |     8 |     9 ||    19
       Ration            |       |     1 |     1 ||     2
Armor: Leather armour    |     9 |       |       ||     9
       Chain mail        |    59 |   188 |   321 ||   568
       Plate armour      |       |    24 |    36 ||    60
Dodge: Dodged            |    28 |    87 |   138 ||   253
Block: Other             |       |    13 |    24 ||    37
